 Dungeon Crawl Stone Soup version 0.32-a0-391-gce5c0aab1b (webtiles) character file.

Game seed: 7022344695314587966

492 n00bmints the Cudgeller (level 6, -1/57 HPs)
             Began as a Minotaur Berserker on Feb 19, 2024.
             Was a Believer of Trog.
             Succumbed to Edmund's poison
             ... on level 4 of the Dungeon.
             The game lasted 00:06:12 (2904 turns).

n00bmints the Cudgeller (Minotaur Berserker)        Turns: 2904, Time: 00:06:13

Health: -1/57      AC: 10    Str: 23    XL:     6   Next: 91%
Magic:  5/5        EV:  9    Int:  4    God:    Trog [**....]
Gold:   136        SH:  0    Dex: 10    Spells: 5/5 levels left

rFire   . . .        r - +0 war axe
rCold   . . .        (no shield)
rNeg    . . .        l - +0 chain mail
rPois   .            (helmet restricted)
rElec   .            (no cloak)
rCorr   .            o - +0 pair of gloves
SInv    .            (no boots)
Will    ++...        (no amulet) Stlth
                     (no ring)
HPRegen 1.29/turn    (no ring)
MPRegen 0.09/turn

%: no passive effects
@: lethally poisoned (-1 -> -21), strong-willed, regenerating
A: horns 2, retaliatory headbutt
a: Renounce Religion, Berserk, Trog's Hand


You were on level 4 of the Dungeon.
You worshipped Trog.
Trog was pleased with you.
You visited 1 branch of the dungeon, and saw 4 of its levels.

You collected 136 gold pieces.

Inventory:

Hand Weapons
 a - a +0 mace
 r - a +0 war axe (weapon)
Armour
 l - a +0 chain mail (worn)
 o - a +0 pair of gloves (worn)
Scrolls
 f - 5 scrolls of identify {unknown}
 g - a scroll of silence {unknown}
 k - a scroll of amnesia {unknown}
 m - a scroll of enchant weapon {unknown}
 n - 2 scrolls of fear {unknown}
 p - a scroll of acquirement {unknown}
 s - a scroll of fog {unknown}
Potions
 b - 2 potions of heal wounds {unknown}
 c - a potion of berserk rage {unknown}
 d - 2 potions of ambrosia {unknown}
 e - a potion of curing {unknown}
 h - a potion of mutation {unknown}
 i - a potion of enlightenment {unknown}
 j - a potion of invisibility {unknown}
 q - a potion of magic {unknown}


   Skills:
 + Level 5.7 Fighting
 + Level 1.1(4.2) Axes
 + Level 6.6(6.7) Maces & Flails
 + Level 4.2 Armour
 + Level 3.3 Dodging
 + Level 0.9 Stealth


You had 5 spell levels left.
You didn't know any spells.
Your spell library was empty.

Dungeon Overview and Level Annotations

Branches:
Dungeon (4/15)
 Temple: D:4-7

Altars:
Ashenzari
Kikubaaqudgha

Shops:
D:4 :

Annotations:
D:4 Edmund


Innate Abilities, Weirdness & Mutations

You have a pair of horns on your head.
You reflexively headbutt those who attack you in melee.


Message History

Edmund hits you but does no damage.
You are poisoned.
You slash Edmund!
Edmund is lightly wounded.
You feel sick. Edmund closely misses you.
You slash Edmund! Your headbutt misses Edmund.
Edmund is moderately wounded.
You feel sick.
Edmund hits you with a +2 dire flail of venom.
You are more poisoned.
You hit Edmund but do no damage.
Edmund is moderately wounded.
You feel very sick. Edmund barely misses you.
Edmund hits you with a +2 dire flail of venom.
You closely miss Edmund.
Edmund is moderately wounded.
You feel sick. Edmund hits you but does no damage.
You are more poisoned.
You closely miss Edmund. Your headbutt misses Edmund.
Edmund is moderately wounded.
You feel very sick.
Edmund hits you with a +2 dire flail of venom!
You are more poisoned.
You hit Edmund. Your headbutt misses Edmund.
Edmund is heavily wounded.
You feel very sick.
Edmund hits you with a +2 dire flail of venom!
You are more poisoned.
Edmund hits you with a +2 dire flail of venom!
* * * LOW HITPOINT WARNING * * *
You are lethally poisoned!
You completely miss Edmund.
Edmund is heavily wounded.
* * * LOW HITPOINT WARNING * * *
You feel extremely sick. Edmund closely misses you.
You slash Edmund!
Edmund is severely wounded.
You die...

.........## #........
.......#..# ## #........
.......##.# .# #........
#########.# ..#
##........ #.# ..#
#......... #.# ...
##......... #.# ###.#
##.......... ##.####
#.@.###..#########
#.....###@###...###
#.#.....#.##......#
#.###.#.#.#.......#
#.....#...).......#
###########.###.##......#
#...........†>...#......#
#.###########.####......#
#.# #.# #......# #.# #.#
########


You could see Edmund.

Vanquished Creatures
  An ogre (D:4)
  A scorpion (D:4)
  A hound (D:3)
  A sleepcap (D:4)
  4 orc wizards (D:3)
  3 adders
  2 ribbon worms
  A dart slug (D:4)
  12 orcs
  5 bats
  A bat zombie (D:3)
  6 endoplasms
  6 goblins
  10 hobgoblins
  4 jackals (D:3)
  8 kobolds
  A quokka (D:2)
  7 ball pythons
  A frilled lizard zombie (D:3)
  2 rats
77 creatures vanquished.

Vanquished Creatures (others)
  An orc wizard (D:3)
1 creature vanquished.

Grand Total: 78 creatures vanquished

Notes
Turn   | Place    | Note
-------+----------+-------------------------------------------
     0 | D:1      | n00bmints the Minotaur Berserker began the quest for the
                  | Orb.
     0 | D:1      | Reached XP level 1. HP: 19/19 MP: 0/0
   878 | D:2      | Reached XP level 2. HP: 27/27 MP: 1/1
   880 | D:2      | Reached skill level 4 in Maces & Flails
  1047 | D:2      | Reached XP level 3. HP: 21/33 MP: 2/2
  1611 | D:3      | Reached XP level 4. HP: 9/41 MP: 3/3
  1614 | D:3      | Reached skill level 5 in Maces & Flails
  1620 | D:3      | Reached ** piety under Trog
  1623 | D:3      | Reached XP level 5. HP: 6/47 MP: 4/4
  1629 | D:3      | Reached skill level 5 in Fighting
  1885 | D:3      | Reached skill level 6 in Maces & Flails
  2140 | D:3      | Reached XP level 6. HP: 56/56 MP: 5/5
  2140 | D:3      | Found an ancient bone altar of Kikubaaqudgha.
  2580 | D:4      | Found Geetwei's Vocational Training.
  2638 | D:4      | Found a broken altar of Ashenzari.
  2824 | D:4      | Reached skill level 1 in Axes
  2894 | D:4      | Noticed Edmund
  2904 | D:4      | Succumbed to Edmund's poison

Illustrated notes

Levels and vault maps discovered:
D:1:      ncdulo_halloftheorcs, layout_basic, kennysheep_minor_cross,
          minivault_26
D:2:      layout_basic
D:3:      corexii_shack_village, layout_basic, lemuel_zombie_altar_kikubaaqudgha
D:4:      layout_basic, hellmonk_overflow_destroyed_library,
          ashenzari_conservatory_becter, nicolae_shop_vocational, uniq_grinder,
          uniq_edmund

Skill      XL: |  1  2  3  4  5  6 |
---------------+-------------------+-----
Fighting       | 4 5 |  5.7
Maces & Flails | 4 5 6 |  6.6
Dodging        | 3 |  3.3
Armour         | 3 4 |  4.2
Axes           | 1 |  1.1
Stealth        | |  0.9

Action                     |  1- 3 |  4- 6 || total
---------------------------+-------+-------++-------
  Melee: Mace              |    56 |    91 ||   147
         Headbutt          |     5 |    15 ||    20
         War axe           |       |    36 ||    36
 Invoke: Berserk           |       |     2 ||     2
         Trog's Hand       |       |     5 ||     5
 Armour: Animal skin       |    27 |       ||    27
         Chain mail        |    25 |    97 ||   122
  Dodge: Dodged            |    33 |    49 ||    82

Table legend: (Time is in decaauts)
 A = Elapsed time spent in this place.
 B = Non-inter-level travel time spent in this place.
 C = Inter-level travel time spent in this place.
 D = Time resting spent in this place.
 E = Time spent auto-exploring this place.
 F = Levels seen in this place.
 G = Mean time per level.
                   A        B        C        D        E       F      G
               +--------+--------+--------+--------+--------+-----+--------+
         Total |   2954 |   2789 |    165 |      0 |   2231 |   4 |  738.5 |
       Dungeon |   2954 |   2789 |    165 |      0 |   2231 |   4 |  738.5 |
               +--------+--------+--------+--------+--------+-----+--------+

Top non-repeatable levels by time:
     D:3: 943 daAuts
     D:1: 869 daAuts
     D:2: 711 daAuts
     D:4: 430 daAuts
